 Dungeon Crawl Stone Soup version 0.29-a0-284-gf9362112df (webtiles) character file.

Game seed: 15988112450578921635

645 sokol815 the Chopper (level 7, -4/52 HPs)
             Began as a Djinni Gladiator on Mar 25, 2022.
             Was a Believer of Elyvilon.
             Splashed by a jelly's acid (6 damage)
             ... on level 5 of the Dungeon.
             The game lasted 00:10:15 (4381 turns).

sokol815 the Chopper (Djinni Gladiator)             Turns: 4381, Time: 00:10:16

Health: -4/52      AC: -5    Str: 15    XL:     7   Next: 82%
Gold:   227        EV:  7    Int: 19    God:    Elyvilon [**....] SH:  4 Dex: 17

rFire   + + .      SeeInvis .   a - +3 hand axe
rCold   x . .      Faith    .   u - +0 buckler
rNeg    + . .      Spirit   .   l - +1 chain mail
rPois   ∞          Reflect  .   n - +0 helmet
rElec   .          Harm     .   g - +2 cloak of the Blizzard {rN+ Will+ MP-9 Int+7}
rCorr   .          Rampage  .   k - +1 pair of gloves of Discretion {Str+2 Dex+3}
Will    +....                   (boots unavailable)
Stlth   ..........              (no amulet)
HPRegen 0.17/turn               (no ring)
MPRegen 0.00/turn               (no ring)

@: corroded, flying
A: sickness immunity, fire resistance 2, cold vulnerability 1, float, innate
caster, HP casting, extra vitality 1
a: Renounce Religion, Purification, Heal Other


You were on level 5 of the Dungeon.
You worshipped Elyvilon.
Elyvilon was pleased with you.
You visited 1 branch of the dungeon, and saw 5 of its levels.

You collected 290 gold pieces.
You spent 63 gold pieces at shops.

Inventory:

Hand Weapons
 a - a +3 hand axe (weapon)
   (You found it on level 4 of the Dungeon)
 c - a +0 hunting sling
   (You took it off a goblin on level 2 of the Dungeon)
 i - a +1 dagger of speed
   (You took it off a goblin on level 3 of the Dungeon)
 j - a +1 war axe
Missiles
 d - 3 throwing nets {!d}
 e - a javelin
 s - 214 stones
Armour
 g - the +2 cloak of the Blizzard (worn) {rN+ Will+ MP-9 Int+7}
   (You acquired it on level 3 of the Dungeon)

   Int:       It affects your intelligence (+7).
   rN:        It protects you from negative energy.
   MP:        It affects your magic capacity (-9).
   Will:      It increases your willpower.
 k - the +1 pair of gloves of Discretion (worn) {Str+2 Dex+3}
   (You found it on level 2 of the Dungeon)

   Str:       It affects your strength (+2).
   Dex:       It affects your dexterity (+3).
 l - a +1 chain mail (worn)
   (You found it on level 2 of the Dungeon)
 m - a +0 scale mail
   (You found it on level 2 of the Dungeon)
 n - a +0 helmet (worn)
 u - a +0 buckler (worn)
   (You bought it in a shop on level 5 of the Dungeon)
Scrolls
 t - a scroll of fog
Potions
 b - a potion of degeneration {unknown}
 f - a potion of heal wounds {unknown}
 h - a potion of mutation {unknown}
 o - a potion of cancellation
 p - 2 potions of lignification {unknown}
 q - 2 potions of curing {unknown}
 r - a potion of resistance {unknown}


   Skills:
 + Level 4.3 Fighting
 + Level 4.9 Axes
 - Level 1.5 Throwing
 - Level 3.2 Dodging
 * Level 4.4 Invocations


You couldn't memorise any spells.
You knew the following spells:

 Your Spells              Type           Power      Damage    Failure   Level
a - Sandblast             Erth           0%         2d4       100%        1
c - Conjure Flame         Conj/Fire      0%         6-21      100%        3
w - Passwall              Tmut/Erth      0%         N/A       100%        2
Your spell library was empty.


Dungeon Overview and Level Annotations

Branches:
Dungeon (5/15)
 Temple: D:4-7

Altars:
Elyvilon
Fedhas
Makhleb
Xom
Yredelemnul

Shops:
D:5 [


Innate Abilities, Weirdness & Mutations

You are immune to sickness and miasma.
You are immune to poison.
Your flesh is very heat resistant. (rF++)
You are vulnerable to cold. (rC-)
You float through the air rather than walking.
You learn spells naturally, not from books.
Your magical power is your life essence.
You have superior vitality. (+4 MHP)


Message History

The adder hisses angrily.
No target in view!
No target in view!
No target in view!
You miss the adder. The adder bites you but does no damage.
The adder barely misses you.
You miss the adder. The adder bites you.
You take 3 damage, and have 49/52 hp.
You hit the adder but do no damage. The adder bites you but does no damage.
You hit the adder.
The adder bites you but does no damage. x2
You slash the adder!
You kill the adder!
No target in view!
No target in view!
No target in view!
No target in view!
No target in view!
You see here an adder corpse.
You see here an adder corpse.
You reach down and open the door.
Found Fury's Armour Emporium.
Health restored: 52
There is an open door here.
There is an entrance to Fury's Armour Emporium here.
u - a +0 buckler Thank you for shopping at Fury's Armour Emporium!
There are no items here.
You start putting on your armour.
You continue putting on your +0 buckler. x4
You finish putting on your +0 buckler.
You reach down and open the door.
There is an open door here.
There is an open door here.
There is an entrance to Fury's Armour Emporium here.
There is an open door here.
You see here an adder corpse.
A jelly comes into view.
The jelly quivers.
The jelly hits you.
You are splashed with acid.
You take 8 damage, and have 44/52 hp.
You hit the jelly. The acid corrodes you!
Your hands burn!
You block the jelly's attack.
You take 5 damage, and have 39/52 hp.
You hit the jelly. The acid corrodes you!
Your hands burn!
The jelly hits you but does no damage.
You take 3 damage, and have 36/52 hp.
You hit the jelly but do no damage. The acid corrodes you!
Your hands burn!
The jelly hits you but does no damage.
You take 2 damage, and have 34/52 hp.
You completely miss the jelly. The jelly hits you but does no damage.
You hit the jelly but do no damage.
Your hands burn!
The jelly hits you but does no damage.
You take 5 damage, and have 29/52 hp.
You are too injured to fight recklessly!
You hit the jelly.
Your hands burn!
You block the jelly's attack. The jelly hits you.
You are splashed with acid!
* * * LOW HITPOINT WARNING * * *
You take 15 damage, and have 14/52 hp.
MASSIVE DAMAGE!!
You are healed.
The jelly barely misses you.
You regained 18 hp, and now have 32/52 hp.
You hit the jelly.
Your hands burn!
You block the jelly's attack.
You take 1 damage, and have 31/52 hp.
You hit the jelly but do no damage. The acid corrodes you!
Your hands burn!
The jelly hits you but does no damage.
You take 2 damage, and have 29/52 hp.
You hit the jelly.
Your hands burn!
You block the jelly's attack.
You take 4 damage, and have 25/52 hp.
You hit the jelly but do no damage.
Your hands burn!
The jelly hits you but does no damage.
You take 1 damage, and have 24/52 hp.
You are healed.
You can no longer provide healing for yourself.
The jelly hits you but does no damage.
You regained 20 hp, and now have 44/52 hp.
The jelly attacks as you move away! The jelly hits you but does no damage.
The jelly attacks as you move away! The jelly hits you. The acid corrodes you!
You are splashed with acid!
You take 11 damage, and have 34/52 hp.
MASSIVE DAMAGE!!
As you read the scroll of teleportation {@r3}, it crumbles to dust.
You feel strangely unstable. The jelly hits you.
You are splashed with acid!
You take 12 damage, and have 22/52 hp.
MASSIVE DAMAGE!!
The jelly attacks as you move away! The jelly barely misses you.
The jelly attacks as you move away! The jelly hits you. The acid corrodes you!
You are splashed with acid!
* * * LOW HITPOINT WARNING * * *
Your surroundings seem slightly different.
The jelly hits you.
* * * LOW HITPOINT WARNING * * *
You are splashed with acid!
* * * LOW HITPOINT WARNING * * *
You take 20 damage, and have 3/52 hp.
MASSIVE DAMAGE!!
The jelly hits you.
* * * LOW HITPOINT WARNING * * *
You are splashed with acid.
You die...

#.#...<#.##.#
######.#...##.##.##
#......#..........#
#.###..#....#)#####
#.# #..#:...#.# ..#
#..#....#.# ####
#..#....#.#
###J.#....#.#
#...@#....#.#
#.#§.#....#.#
#....#..###.#
#....†....#.###
#....#..#.#...#
####.#....#.#.#
#.##...###.#
#.#....'∩'.#
#.#.#..#####


You could see a jelly.

Vanquished Creatures
  Eustachio (D:5)
  A centaur (D:5)
  A scorpion (D:4)
  4 crimson imps (D:4)
  2 hounds
  An iguana (D:3)
  Jessica (D:3)
  Robin (D:2)
  An adder (D:5)
  An ufetubus (D:4)
  5 worms
  4 dart slugs
  4 orcs (D:3)
  7 ball pythons
  An endoplasm (D:3)
  A giant cockroach (D:1)
  7 hobgoblins
  4 kobolds
  4 quokkas
  5 bats
  7 frilled lizards
  15 goblins
  6 rats
84 creatures vanquished.

Notes
Turn   | Place    | Note
-------+----------+-------------------------------------------
     0 | D:1      | sokol815 the Djinni Gladiator began the quest for the Orb.
     0 | D:1      | Reached XP level 1. HP: 18/18 MP: 0/0
   301 | D:1      | Found a faded altar of an unknown god.
   318 | D:1      | Prayed at the altar of an unknown god.
   318 | D:1      | Became a worshipper of Elyvilon the Healer
   318 | D:1      | Reached * piety under Elyvilon
   374 | D:1      | Reached XP level 2. HP: 23/23 MP: 0/0
   678 | D:1      | Reached skill level 3 in Axes
  1101 | D:2      | Noticed Robin
  1113 | D:2      | HP: 3/23 [goblin/+0 club[Robin] (5)]
  1119 | D:2      | Reached XP level 3. HP: 4/28 MP: 0/0
  1119 | D:2      | Learned a level 1 spell: Sandblast
  1126 | D:2      | HP: 2/42 [goblin/+0 club[Robin] (5)]
  1133 | D:2      | Elyvilon protects you from harm!
  1136 | D:2      | HP: 1/28 [Robin/+0 dagger (2)]
  1138 | D:2      | Killed Robin
  1554 | D:2      | Reached ** piety under Elyvilon
  1754 | D:2      | Reached XP level 4. HP: 32/33 MP: 0/0
  1807 | D:2      | Identified the +1 pair of gloves of Discretion {Str+2
                  | Dex+3}
  2135 | D:3      | Identified a scroll of acquirement
  2135 | D:3      | Acquired the +2 cloak of the Blizzard {rN+ Will+ MP-9
                  | Int+7}
  2177 | D:3      | Noticed Jessica
  2208 | D:3      | Killed Jessica
  2209 | D:3      | Reached skill level 4 in Axes
  2227 | D:3      | Reached XP level 5. HP: 25/40 MP: 0/0
  2227 | D:3      | Learned a level 2 spell: Passwall
  2370 | D:3      | Found a basalt altar of Yredelemnul.
  2760 | D:3      | Found a burning altar of Makhleb.
  2822 | D:3      | Reached skill level 3 in Fighting
  2822 | D:3      | Reached skill level 1 in Invocations
  3131 | D:4      | Reached skill level 2 in Invocations
  3131 | D:4      | Reached XP level 6. HP: 46/46 MP: 0/0
  3141 | D:4      | Found a blossoming altar of Fedhas.
  3249 | D:4      | Reached *** piety under Elyvilon
  3549 | D:4      | Found a shimmering altar of Xom.
  3581 | D:4      | Reached skill level 3 in Invocations
  3589 | D:4      | Reached XP level 7. HP: 25/51 MP: 0/0
  3589 | D:4      | Learned a level 3 spell: Conjure Flame
  3949 | D:5      | Entered Level 5 of the Dungeon
  3965 | D:5      | Reached skill level 4 in Fighting
  4128 | D:5      | Noticed Eustachio
  4163 | D:5      | Killed Eustachio
  4164 | D:5      | Reached skill level 4 in Invocations
  4314 | D:5      | Found Fury's Armour Emporium.
  4317 | D:5      | Bought a +0 buckler for 63 gold pieces
  4380 | D:5      | HP: 11/52 [acid (10)]
  4380 | D:5      | HP: 3/52 [acid (7)]
  4381 | D:5      | Splashed by a jelly's acid

Illustrated notes

Levels and vault maps discovered:
D:1:      lightli_arrival_windingriver, layout_basic,
          shapermc_ecumenical_altar_mp_highgroup, minmay_pentomino_p2
D:2:      minmay_spotlight, layout_basic,
          nicolae_concentric_dashed_squares_mild, uniq_robin
D:3:      layout_loops_ring, lightli_temple_of_fire,
          mainiacjoe_overflow_alcove_4, uniq_jessica
D:4:      layout_cave_pools, amcnicky_altar_gilded, led_xom_imps
D:5:      layout_basic, mainiacjoe_overflow_tiny_flanked, lemuel_doored_altar,
          minmay_temple_entry_junction_2, serial_shops, shop, shop,
          kennysheep_mini, fountainhead, minmay_misc_feat_columns,
          chequers_serial_rivers_small_a, minmay_shop_grid_forest,
          uniq_eustachio, uniq_menkaure, uniq_prince_ribbit1

Skill      XL: |  1  2  3  4  5  6  7 |
---------------+----------------------+-----
Axes           | 3 4 |  4.9
Fighting       | 3 4 |  4.3
Invocations    | 2 3 4 |  4.4
Throwing       | |  1.5
Dodging        | |  3.2

Action                   |  1- 3 |  4- 6 |  7- 9 || total
-------------------------+-------+-------+-------++-------
Melee: War axe           |    78 |   112 |       ||   190
       Punch             |     1 |     3 |       ||     4
       Hand axe          |       |    55 |    62 ||   117
 Fire: Hunting sling     |     1 |       |       ||     1
Throw: Javelin           |     1 |       |       ||     1
Invok: Heal Self         |       |       |     2 ||     2
  Use: Scroll            |     6 |     7 |     1 ||    14
       Potion            |     2 |       |     1 ||     3
 Stab: Invisible         |       |     9 |       ||     9
Armor: Ring mail         |     8 |       |       ||     8
       Leather armour    |     2 |       |       ||     2
       Scale mail        |    30 |       |       ||    30
       Chain mail        |     8 |   128 |    60 ||   196
Dodge: Dodged            |    51 |    82 |    15 ||   148
Block: Buckler           |       |       |     4 ||     4

Table legend: (Time is in decaauts)
 A = Elapsed time spent in this place.
 B = Non-inter-level travel time spent in this place.
 C = Inter-level travel time spent in this place.
 D = Time resting spent in this place.
 E = Time spent auto-exploring this place.
 F = Levels seen in this place.
 G = Mean time per level.
                   A        B        C        D        E       F      G
               +--------+--------+--------+--------+--------+-----+--------+
         Total |   4426 |   4337 |     89 |    396 |   3132 |   5 |  885.2 |
       Dungeon |   4426 |   4337 |     89 |    396 |   3132 |   5 |  885.2 |
               +--------+--------+--------+--------+--------+-----+--------+

Top non-repeatable levels by time:
     D:2: 1213 daAuts
     D:3: 977 daAuts
     D:1: 952 daAuts
     D:4: 865 daAuts
     D:5: 417 daAuts

Table legend:
 A = Kills in this place as a percentage of kills in entire the game.
 B = Kills by you in this place as a percentage of kills by you in the entire game.
 C = Kills by friends in this place as a percentage of kills by friends in the entire game.
 D = Other kills in this place as a percentage of other kills in the entire game.
 E = Experience gained in this place as a percentage of experience gained in the entire game.
 F = Experience gained in this place divided by the number of levels of this place that you have seen.
                   A       B       C       D       E      F
               +-------+-------+-------+-------+-------+----------------------
         Total | 100.0 | 100.0 |   N/A |   N/A | 100.0 | 184.4
       Dungeon | 100.0 | 100.0 |   N/A |   N/A | 100.0 | 184.4
               +-------+-------+-------+-------+-------+----------------------
